 Dungeon Crawl Stone Soup version 0.29-a0-775-g4d7333d4e2 (webtiles) character file.

Game seed: 3437940189025054117

1813 nxtlvl the Cleaver (level 9, -4/85 HPs)
             Began as a Naga Gladiator on July 1, 2022.
             Was a Priest of Okawaru.
             Slain by a two-headed ogre
             ... wielding a +0 dire flail
              (9 damage)
             ... on level 9 of the Dungeon.
             The game lasted 00:33:11 (2013 turns).

nxtlvl the Cleaver (Naga Gladiator)                 Turns: 2013, Time: 00:33:12

Health: -4/85      AC: 15    Str: 17    XL:     9   Next: 10%
Magic:  9/9        EV: 10    Int: 10    God:    Okawaru [***...]
Gold:   239        SH:  0    Dex: 23    Spells: 8/8 levels left

rFire   + . .      SeeInvis +   a - +0 war axe
rCold   . . .      Faith    .   (no shield)
rNeg    . . .      Spirit   .   q - +6 leather armour of the Lumpy Moons {Int+4 Stlth+}
rPois   +          Reflect  .   c - +0 helmet
rElec   .          Harm     .   (no cloak)
rCorr   .          Rampage  .   (no gloves)
Will    +....      Rage     3%  (no barding)
Stlth   +++.......              h - amulet of magic regeneration
HPRegen 0.24/turn               f - +6 ring of dexterity
MPRegen 0.51/turn               g - +4 ring of protection

@: very slow
A: AC +3, large, see invisible, deformed body, poison resistance, slowness 2,
spit poison 1, naga tail 1, berserk 1, dopey 1, fire resistance 1
a: Spit Poison, Renounce Religion, Heroism


You were on level 9 of the Dungeon.
You worshipped Okawaru.
Okawaru was most pleased with you.
You visited 2 branches of the dungeon, and saw 10 of its levels.

You collected 239 gold pieces.

Inventory:

Hand Weapons
 a - a +0 war axe (weapon)
 b - a +0 arbalest
Missiles
 d - 3 throwing nets (quivered)
 e - a javelin
Armour
 c - a +0 helmet (worn)
 q - the +6 leather armour of the Lumpy Moons (worn) {Int+4 Stlth+}
   (You found it on level 5 of the Dungeon)

   Int:       It affects your intelligence (+4).
   Stlth:     It makes you more stealthy.
Jewellery
 f - a +6 ring of dexterity (left hand)
 g - a +4 ring of protection (right hand)
 h - an amulet of magic regeneration (around neck)
Scrolls
 m - a scroll of summoning
 n - a scroll of teleportation
 p - a scroll of immolation
Potions
 j - a potion of cancellation {unknown}


   Skills:
 + Level 6.9 Fighting
 * Level 9.9 Axes
 - Level 1.7 Throwing
 + Level 2.4 Dodging


You had 8 spell levels left.
You didn't know any spells.
Your spell library contained the following spells:

 Spells                   Type           Power      Damage    Failure   Level
 Passage of Golubria      Tloc           0%         N/A       99%         4
 Silence                  Hex/Air        0%         N/A       100%        5
 Lehudib's Crystal Spear  Conj/Erth      0%         10d2      100%        8


Dungeon Overview and Level Annotations

Branches:
Dungeon (9/15)             Temple (1/1) D:5
   Lair: D:8-11         Orc: D:9-12

Altars:
Ashenzari
Cheibriados
Dithmenos
Elyvilon
Fedhas
Gozag
Hepliaklqana
Kikubaaqudgha
Makhleb
Nemelex Xobeh
Okawaru
Qazlal
Ru
Sif Muna
Trog
Uskayaw
Vehumet
Wu Jian
Yredelemnul
Zin

Shops:
D:8 [

Annotations:
D:8 Amaemon


Innate Abilities, Weirdness & Mutations

Your serpentine skin is tough. (AC +3)
You have supernaturally acute eyesight. (SInv)
Armour fits poorly on your strangely shaped body.
Your system is resistant to poisons. (rPois)
You cover ground very slowly.
You can spit poison.
You have a snake-like lower body.
You sometimes lose your temper in combat.
You are dopey. (Int -2)
Your flesh is heat resistant. (rF+)


Message History

Press: ? - help, Q - select action, (/) - cycle Shift-Dir - straight line, f/p - two-headed ogre
Aim: a two-headed ogre, wielding a +0 dire flail and a +0 giant club (lightly wounded, very poisoned, 79% to hit)
You throw a poisoned dart.
The poisoned dart hits the two-headed ogre.
The two-headed ogre is lightly wounded.
You have got your breath back.
You hit the two-headed ogre.
The two-headed ogre is lightly wounded.
The two-headed ogre barely misses you.
The two-headed ogre hits you with a +0 giant club!
You hit the two-headed ogre but do no damage.
The two-headed ogre is lightly wounded.
You hit the two-headed ogre.
The two-headed ogre is lightly wounded.
The two-headed ogre hits you with a +0 dire flail.
The two-headed ogre closely misses you.
You slash the two-headed ogre!
The two-headed ogre is heavily wounded.
The two-headed ogre looks more healthy.
The two-headed ogre hits you with a +0 dire flail!
The two-headed ogre hits you with a +0 giant club!
You hit the two-headed ogre.
The two-headed ogre is heavily wounded.
You hit the two-headed ogre.
The two-headed ogre is heavily wounded.
The two-headed ogre hits you with a +0 dire flail!
* * * LOW HITPOINT WARNING * * *
The two-headed ogre barely misses you.
You barely miss the two-headed ogre.
The two-headed ogre is heavily wounded.
The two-headed ogre hits you but does no damage.
The two-headed ogre hits you with a +0 giant club!
* * * LOW HITPOINT WARNING * * *
You slash the two-headed ogre!
The two-headed ogre is heavily wounded.
You hit the two-headed ogre but do no damage.
The two-headed ogre is heavily wounded.
The two-headed ogre hits you but does no damage.
The two-headed ogre hits you with a +0 giant club!
You die...

......### #.#
#####...#### ..
###....### #.#
##.....### ..#
###.....##[.#
###......#
###....# ##..###
####@..###
###...O....###
##............#
#........$......
...............#.
...............#
...............#
............(..#
...............#


You could see a two-headed ogre.

Vanquished Creatures
  A hornet (D:9)
  6 yaks
  A wraith (D:9)
  A water moccasin (D:7)
  A black bear (D:5)
  2 scorpions
  A howler monkey (D:7)
  A hound (D:5)
  2 boudas
  An iguana (D:5)
  An orc wizard (D:8)
  8 gnolls
  4 adders
  A white imp (D:4)
  A dart slug (D:1)
  An orc (D:4)
  4 bats
  2 endoplasms (D:1)
  3 giant cockroaches
  2 goblins
  7 hobgoblins
  5 jackals
  3 quokkas
  4 ball pythons
  A frilled lizard (D:3)
  3 rats (D:1)
67 creatures vanquished.

Notes
Turn   | Place    | Note
-------+----------+-------------------------------------------
     0 | D:1      | nxtlvl the Naga Gladiator began the quest for the Orb.
     0 | D:1      | Reached XP level 1. HP: 19/19 MP: 1/1
   126 | D:1      | Reached XP level 2. HP: 15/26 MP: 2/2
   294 | D:1      | Found a faded altar of an unknown god.
   410 | D:3      | Reached XP level 3. HP: 29/33 MP: 3/3
   505 | D:4      | Noticed a scorpion
   509 | D:4      | Killed a scorpion
   510 | D:4      | Reached skill level 4 in Axes
   510 | D:4      | Reached XP level 4. HP: 42/42 MP: 4/4
   638 | D:4      | Reached XP level 5. HP: 40/49 MP: 5/5
   683 | D:4      | Reached skill level 5 in Axes
   988 | D:5      | Entered Level 5 of the Dungeon
  1072 | D:5      | Identified the +6 leather armour of the Lumpy Moons {Int+4
                  | Stlth+}
  1116 | D:5      | Noticed a black bear
  1124 | D:5      | Killed a black bear
  1125 | D:5      | Reached XP level 6. HP: 39/57 MP: 6/6
  1197 | D:5      | Found a staircase to the Ecumenical Temple.
  1206 | Temple   | Entered the Ecumenical Temple
  1206 | Temple   | Found a transporter.
  1206 | Temple   | Found a transporter.
  1208 | Temple   | Found a transporter.
  1208 | Temple   | Found a transporter.
  1238 | Temple   | Became a worshipper of Warmaster Okawaru
  1283 | D:5      | Reached skill level 6 in Axes
  1289 | D:5      | Found a snail-covered altar of Cheibriados.
  1392 | D:7      | Noticed a water moccasin
  1418 | D:7      | Killed a water moccasin
  1419 | D:7      | Reached XP level 7. HP: 37/66 MP: 7/7
  1428 | D:7      | Reached * piety under Okawaru
  1429 | D:7      | Reached skill level 7 in Axes
  1559 | D:8      | Noticed Amaemon
  1602 | D:8      | Noticed a yak
  1602 | D:8      | Noticed a yak
  1623 | D:8      | Killed a yak
  1624 | D:8      | Reached skill level 5 in Fighting
  1649 | D:8      | Found Benenung's Armour Shop.
  1709 | D:9      | Noticed a troll
  1776 | D:9      | Noticed a kobold demonologist
  1784 | D:9      | Noticed a neqoxec
  1787 | D:9      | Gained mutation: You have hidden genetic defects. [a
                  | neqoxec]
  1789 | D:9      | Noticed a yak
  1790 | D:9      | Noticed a yak
  1790 | D:9      | Noticed a yak
  1791 | D:9      | Noticed a yak
  1791 | D:9      | Noticed a yak
  1803 | D:9      | Killed a yak
  1804 | D:9      | Reached skill level 8 in Axes
  1804 | D:9      | Reached XP level 8. HP: 17/75 MP: 8/8
  1807 | D:9      | Killed a yak
  1807 | D:9      | Reached ** piety under Okawaru
  1807 | D:9      | Killed a yak
  1811 | D:9      | Killed a yak
  1812 | D:9      | Reached skill level 9 in Axes
  1812 | D:9      | Noticed a wraith
  1813 | D:9      | Killed a yak
  1814 | D:9      | Lost mutation: You have hidden genetic defects. [potion of
                  | mutation]
  1814 | D:9      | Gained mutation: Your flesh is heat resistant. (rF+)
                  | [potion of mutation]
  1814 | D:9      | Gained mutation: You sometimes lose your temper in combat.
                  | [potion of mutation]
  1814 | D:9      | Gained mutation: You are dopey. (Int -2) [potion of
                  | mutation]
  1829 | D:9      | Killed a wraith
  1842 | D:9      | Noticed a hornet
  1850 | D:9      | Killed a hornet
  1850 | D:9      | Reached *** piety under Okawaru
  1851 | D:9      | Reached XP level 9. HP: 13/85 MP: 9/9
  1998 | D:9      | Noticed a two-headed ogre
  2013 | D:9      | Slain by a two-headed ogre

Illustrated notes

Levels and vault maps discovered:
D:1:      nzn_arrival_crosshair, layout_rooms, hellmonk_ecumenical_altar_zigzags
D:2:      layout_basic, uniq_terence
D:3:      layout_basic, serial_shops, shop, gammafunk_ghost_split
D:4:      layout_basic, st_stairs_7
D:5:      layout_layer_cave, mainiacjoe_overflow_small_starburst,
          minmay_temple_entry_overgrown, hangedman_abyss_or_decor_stagger
D:6:      layout_loops_ring, tso_altar, xom_redecorated,
          mrwooster_statue_mirror, nicolae_shop_overcharged_wands, uniq_edmund
D:7:      layout_basic, nzn_ghost_randoct
D:8:      cheibrodos_statue_roulette, layout_rooms, erik_lair_dragon,
          serial_shops, nicolae_shop_temple_entry_statues_fountains,
          kennysheep_generic_room_12, uniq_amaemon
D:9:      layout_cave_pods, minmay_stone_trees_medium
Temple:   hellmonk_temple_divided_pantheon

Skill      XL: |  1  2  3  4  5  6  7  8 |
---------------+-------------------------+-----
Fighting       | 3 4 5 6 |  6.9
Axes           | 4 5 6 8 9 |  9.9
Throwing       | |  1.7
Dodging        | |  2.4

Action                   |  1- 3 |  4- 6 |  7- 9 || total
-------------------------+-------+-------+-------++-------
Melee: War axe           |    50 |   105 |    74 ||   229
       Punch             |       |     2 |     1 ||     3
Throw: Dart              |     3 |    10 |     6 ||    19
Invok: Heroism           |       |       |     1 ||     1
 Abil: Spit Poison       |     9 |    16 |     7 ||    32
  Use: Scroll            |       |     5 |     2 ||     7
       Potion            |       |     2 |     2 ||     4
 Stab: Sleeping          |     1 |     2 |       ||     3
Armor: Leather armour    |     4 |    17 |    50 ||    71
       Ring mail         |     8 |    23 |       ||    31
Dodge: Dodged            |    29 |    69 |    42 ||   140

Table legend: (Time is in decaauts)
 A = Elapsed time spent in this place.
 B = Non-inter-level travel time spent in this place.
 C = Inter-level travel time spent in this place.
 D = Time resting spent in this place.
 E = Time spent auto-exploring this place.
 F = Levels seen in this place.
 G = Mean time per level.
                   A        B        C        D        E       F      G
               +--------+--------+--------+--------+--------+-----+--------+
         Total |   2654 |   2576 |     78 |      0 |      0 |  10 |  265.4 |
       Dungeon |   2595 |   2517 |     78 |      0 |      0 |   9 |  288.3 |
        Temple |     59 |     59 |      0 |      0 |      0 |   1 |   59.0 |
               +--------+--------+--------+--------+--------+-----+--------+

Top non-repeatable levels by time:
     D:4: 708 daAuts
     D:9: 406 daAuts
     D:1: 400 daAuts
     D:5: 336 daAuts
     D:3: 231 daAuts
     D:8: 208 daAuts
     D:7: 198 daAuts
     D:6: 75 daAuts
  Temple: 59 daAuts
     D:2: 32 daAuts
